 Dungeon Crawl Stone Soup version 0.30-a0-55-g90e3122c3a (webtiles) character file.

Game seed: 11312895602069605797

118 AarnesTheHuman the Trooper (level 5, -3/81 HPs)
             Began as an Ogre Gladiator on Sept 9, 2022.
             Succumbed to a kobold brigand's poison
             ... in a sewer.
             The game lasted 00:05:58 (4292 turns).

AarnesTheHuman the Trooper (Ogre Gladiator)         Turns: 4292, Time: 00:05:58

Health: -3/81      AC: 22    Str: 20    XL:     5   Next: 2%
Magic:  5/5        EV:  1    Int:  9    God:
Gold:   105        SH:  0    Dex: 10    Spells: 4/4 levels left

rFire   . . .      SeeInvis .    b - +0 short sword (speed)
rCold   . . .      Faith    .    (no shield)
rNeg    . . .      Spirit   .    (body armour currently unavailable)
rPois   +          Reflect  .    (helmet currently unavailable)
rElec   .          Harm     .    (cloak currently unavailable)
rCorr   .          Rampage  .    (gloves unavailable)
Will    .....      NoTele   +    (boots unavailable)
Stlth   +.........               (no amulet)
HPRegen 0.23/turn                (no ring)
MPRegen 0.09/turn                (no ring)

@: lethally poisoned (-3 -> -26), tree-form, invisible
A: stationary, stasis, torment immunity, boosted hp, large, unfitting armour,
(tough skin 1)
a: no special abilities


You were in a sewer.
You were a tree.
You visited 1 branch of the dungeon, and saw 4 of its levels.
You also visited: Sewer.

You collected 105 gold pieces.

Inventory:

Hand Weapons
 a - a +0 flail
 b - a +0 short sword of speed (weapon)
 l - a +0 dagger
 s - a +0 sling
Missiles
 d - 3 throwing nets
 e - a large rock
 i - 42 stones (quivered)
Armour
 c - a +0 hat (melded)
 p - a +0 robe (melded)
Scrolls
 g - a scroll of identify
 m - a scroll of fear {unknown}
 o - a scroll of poison
 q - a scroll of brand weapon {unknown}
 u - a scroll of vulnerability {unknown}
 v - a scroll of enchant weapon {unknown}
Potions
 f - a potion of lignification
 h - a potion of invisibility
 k - 2 potions of attraction
 n - a potion of mutation
 t - 2 potions of flight


   Skills:
 + Level 4.1 Fighting
 - Level 3.8 Maces & Flails
 + Level 3.0 Throwing
 - Level 2.8 Dodging


You had 4 spell levels left.
You didn't know any spells.
Your spell library contained the following spells:

 Spells                   Type           Power      Damage    Failure   Level
 Necrotise                Necr           0%         1d4       38%         1
 Shock                    Conj/Air       0%         1d3       38%         1
 Swiftness                Air            0%         N/A       77%         3
 Vampiric Draining        Necr           0%         2d6       77%         3
 Airstrike                Air            0%         2d(0-16)  99%         4
 Agony                    Necr           0%         N/A       100%        5


Dungeon Overview and Level Annotations

Branches:
Dungeon (4/15)              Sewer (1/1)
 Temple: D:4-7

Altars:
Ashenzari
Kikubaaqudgha


Innate Abilities, Weirdness & Mutations

You are a tree.
Your roots penetrate the ground, keeping you stationary.
You cannot be teleported.
You are immune to unholy pain and torment.
Your maximum health is greatly increased.
Your equipment is partially melded.
You are too large for most types of armour.
((You have tough skin. (AC +1)))


Message History

The kobold hits you with a +0 short sword.
The kobold brigand hits you with a +1 short sword of venom.
You are poisoned.
You barely miss the kobold brigand.
The kobold brigand is lightly wounded.
You feel sick. The kobold barely misses you.
The kobold brigand hits you with a +1 short sword of venom.
You are more poisoned.
The kobold barely misses you.
You hit the kobold brigand but do no damage.
The kobold brigand is lightly wounded.
You feel very sick. The kobold barely misses you.
The kobold brigand barely misses you.
You closely miss the kobold brigand.
The kobold brigand is lightly wounded.
You feel very sick.
You hit the kobold brigand but do no damage.
The kobold brigand is lightly wounded.
You feel sick. The kobold closely misses you.
The kobold brigand barely misses you. The kobold hits you but does no damage.
You hit the kobold brigand but do no damage.
The kobold brigand is lightly wounded.
You feel sick.
The kobold hits you with a +0 short sword.
* * * LOW HITPOINT WARNING * * *
The kobold brigand hits you with a +1 short sword of venom!
* * * LOW HITPOINT WARNING * * *
You are more poisoned.
The kobold closely misses you.
Really quaff the potion of lignification?
You turn into a tree.
Your +0 hat melds into your body.
Your +0 robe melds into your body.
Your roots penetrate the ground.
* * * LOW HITPOINT WARNING * * *
You feel very sick. The kobold hits you but does no damage.
The kobold brigand completely misses you.
The air fills with toxic fumes!
As you read the scroll labelled IPOPUM ATIUKK, it crumbles to dust.
It was a scroll of poison.
You die...

#∩∩.#~≈~#
#...'~~~#
######~≈~#
#§§§§#~≈~#
#§§§§#~≈~#
#§§§§#~≈~#
#§§§§#~≈~#
##KK##~~~#
#§K♣§#~≈~#
###§§§§#~≈~#
#§§§§§§§§≈~#
##§§§§§§§§§#
#§§§§P#§§§#
#§§§§§§#§§§#
#§§§§§§#~§§#
#§§§§§§#~§§§~
#......#~≈~~~~


You could see a kobold brigand (unable to see you) and 2 kobolds.

Vanquished Creatures
  Robin (D:3)
  3 adders
  A dart slug (D:1)
  2 orcs (D:3)
  6 ball pythons
  6 bats
  4 endoplasms
  2 giant cockroaches
  12 goblins
  12 hobgoblins
  A quokka (D:3)
  2 frilled lizards
  9 kobolds
  7 rats
68 creatures vanquished.

Vanquished Creatures (others)
  A plant (Sewer)
1 creature vanquished.

Grand Total: 69 creatures vanquished

Notes
Turn   | Place    | Note
-------+----------+-------------------------------------------
     0 | D:1      | AarnesTheHuman the Ogre Gladiator began the quest for the
                  | Orb.
     0 | D:1      | Reached XP level 1. HP: 22/22 MP: 1/1
   147 | D:1      | Reached XP level 2. HP: 15/29 MP: 2/2
   369 | D:1      | Reached skill level 3 in Fighting
   851 | D:1      | Reached XP level 3. HP: 28/37 MP: 3/3
  1508 | D:2      | Identified the +7 chain mail of the Pits of Slime {Fly}
  2531 | D:3      | Reached XP level 4. HP: 45/45 MP: 4/4
  2579 | D:3      | Found a broken altar of Ashenzari.
  2712 | D:3      | Found an ancient bone altar of Kikubaaqudgha.
  3037 | D:3      | Found a faded altar of an unknown god.
  3117 | D:3      | Noticed Robin
  3153 | D:3      | Killed Robin
  3474 | D:3      | Reached skill level 4 in Fighting
  4086 | D:4      | Reached XP level 5. HP: 46/54 MP: 5/5
  4149 | D:4      | Found a glowing drain.
  4158 | Sewer    | Entered a sewer
  4277 | Sewer    | Noticed a kobold brigand
  4291 | Sewer    | HP: 1/81 [poisoned by a kobold brigand]
  4292 | Sewer    | Succumbed to a kobold brigand's poison

Illustrated notes

Levels and vault maps discovered:
D:1:      ebering_trefoil_twist, layout_loops_ring
D:2:      layout_loops_cross
D:3:      layout_basic, lemuel_tele_altar, mainiacjoe_overflow_24_doors,
          dreamdust_ecumenical_altar_angels_and_demons, uniq_robin
D:4:      layout_basic, cheibrodos_sewer_entry_drain, supply_closet_lemuel
Sewer:    kennysheep_pipe_town

Skill      XL: |  1  2  3  4 |
---------------+-------------+-----
Fighting       | 3 4 |  4.1
Maces & Flails | 3 |  3.8
Throwing       | 3 |  3.0
Dodging        | |  2.8

Action                   |  1- 3 |  4- 6 || total
-------------------------+-------+-------++-------
Melee: Flail             |    97 |       ||    97
       Short sword       |    26 |   176 ||   202
       Dagger            |    11 |       ||    11
       Punch             |       |     2 ||     2
  Use: Scroll            |       |     8 ||     8
       Potion            |       |     3 ||     3
 Stab: Sleeping          |     1 |       ||     1
       Distracted        |       |     1 ||     1
Armor: Robe              |    27 |    43 ||    70
       Skin              |       |     1 ||     1
Dodge: Dodged            |    68 |    84 ||   152

Table legend: (Time is in decaauts)
 A = Elapsed time spent in this place.
 B = Non-inter-level travel time spent in this place.
 C = Inter-level travel time spent in this place.
 D = Time resting spent in this place.
 E = Time spent auto-exploring this place.
 F = Levels seen in this place.
 G = Mean time per level.
                   A        B        C        D        E       F      G
               +--------+--------+--------+--------+--------+-----+--------+
         Total |   4268 |   4102 |    166 |    322 |   3194 |   5 |  853.6 |
       Dungeon |   4131 |   3965 |    166 |    222 |   3194 |   4 | 1032.8 |
         Sewer |    136 |    136 |      0 |    100 |      0 |   1 |  136.0 |
               +--------+--------+--------+--------+--------+-----+--------+

Top non-repeatable levels by time:
     D:3: 1568 daAuts
     D:1: 1490 daAuts
     D:2: 1042 daAuts
   Sewer: 136 daAuts
     D:4: 29 daAuts
